 Dungeon Crawl Stone Soup version 0.31-a0-210-gccc998df9b (webtiles) character file.

Game seed: 10712906315338162

2331 Essalna the Destroyer (level 9, -1/56 HPs)
             Began as a Tengu Fire Elementalist on June 30, 2023.
             Was a Follower of Vehumet.
             Shot with an arrow by an orc warrior (18 damage)
             ... on level 8 of the Dungeon.
             The game lasted 00:12:29 (6294 turns).

Essalna the Destroyer (Tengu Fire Elementalist)     Turns: 6294, Time: 00:12:29

Health: -1/56      AC:  2    Str: 10    XL:     9   Next: 42%
Magic:  1/13       EV: 14    Int: 25    God:    Vehumet [*.....]
Gold:   394        SH:  0    Dex: 14    Spells: 3/12 levels left

rFire   + . .        h - staff of fire
rCold   . . .        (no shield)
rNeg    . . .        a - +0 robe
rPois   .            (helmet restricted)
rElec   .            (no cloak)
rCorr   .            (no gloves)
SInv    .            (boots unavailable)
Will    .....        c - amulet of magic regeneration
Stlth   ++           D - +6 ring of intelligence
HPRegen 0.29/turn    (no ring)
MPRegen 0.53/turn

%: no passive effects
@: flying quickly and evasively, quick
A: beak, talons 3, nimble flight
a: Renounce Religion


You were on level 8 of the Dungeon.
You worshipped Vehumet.
Vehumet was aware of your devotion.
You visited 2 branches of the dungeon, and saw 9 of its levels.

You collected 394 gold pieces.

Inventory:

Hand Weapons
 x - a +0 dagger of venom
Armour
 a - a +0 robe (worn)
Magical Staves
 h - a staff of fire (weapon)
 u - a staff of cold
Jewellery
 c - an amulet of magic regeneration (around neck)
 t - an amulet of guardian spirit
 B - an amulet of the acrobat
 D - a +6 ring of intelligence (left hand)
Wands
 m - a wand of polymorph (7)
 y - a wand of acid (14)
 C - a wand of flame (12)
Scrolls
 b - 2 scrolls of enchant armour {unknown}
 f - a scroll of revelation {unknown}
 g - 4 scrolls of immolation {unknown}
 i - 2 scrolls of noise {unknown}
 k - a scroll of fog {unknown}
 l - a scroll of silence {unknown}
 n - 8 scrolls of identify {unknown}
 o - a scroll of fear {unknown}
 q - a scroll of teleportation {unknown}
 v - a scroll of blinking {unknown}
 w - a scroll of amnesia {unknown}
Potions
 d - a potion of enlightenment {unknown}
 e - 4 potions of heal wounds {unknown}
 j - 2 potions of curing {unknown}
 p - a potion of attraction {unknown}
 r - 3 potions of might {unknown}
 s - a potion of berserk rage {unknown}
 z - a potion of mutation {unknown}
 A - a potion of resistance {unknown}
 E - a potion of haste {unknown}
 F - a potion of ambrosia {unknown}


   Skills:
 + Level 6.4 Fighting
 - Level 2.1 Dodging
 - Level 2.0 Stealth
 - Level 2.0 Spellcasting
 + Level 8.5 Conjurations
 - Level 4.0 Translocations
 + Level 7.8 Fire Magic


You had 3 spell levels left.
You knew the following spells:

 Your Spells              Type           Power      Damage    Failure   Level
a - Foxfire               Conj/Fire      100%       2x1d9     1%          1
b - Scorch                Fire           100%       2d9       1%          2
c - Blink                 Tloc           44%        N/A       3%          2
d - Flame Wave            Conj/Fire      60%        2d14      3%          4

Your spell library contained the following spells:

 Spells                   Type           Power      Damage    Failure   Level
 Kiss of Death            Conj/Necr      92%        2d12      1%          1
 Lesser Beckoning         Tloc           44%        N/A       3%          2
 Volatile Blastmotes      Fire/Tloc      96%        2d18      3%          3
 Dazzling Flash           Conj/Hex       46%        N/A       6%          3
 Gell's Gravitas          Tloc           22%        N/A       6%          3
 Teleport Other           Tloc           22%        N/A       6%          3
 Inner Flame              Hex/Fire       33%        N/A       7%          3
 Ignite Poison            Fire/Tmut/Pois 23%        N/A       12%         3
 Ensorcelled Hibernation  Hex/Ice        4%         N/A       17%         2
 Spider Form              Tmut/Pois      2%         N/A       32%         3
 Sticky Flame             Conj/Fire      60%        2d8       3%          4
 Iskenderun's Mystic Bla  Conj/Tloc      33%        2d8       9%          4
 Iskenderun's Battlesphe  Conj           45%        2d10      10%         5
 Fireball                 Conj/Fire      30%        3d13      11%         5
 Manifold Assault         Tloc           22%        N/A       22%         4
 Starburst                Conj/Fire      30%        6d9       52%         6
 Anguish                  Hex/Necr       1%         N/A       73%         4
 Conjure Ball Lightning   Conj/Air       11%        3x3d6     96%         6
 Orb of Destruction       Conj           22%        9d8       96%         7
 Agony                    Necr           2%         N/A       97%         5
 Silence                  Hex/Air        1%         N/A       97%         5
 Storm Form               Tmut/Air       1%         N/A       100%        7
 Ignition                 Fire           29%        3d9       100%        8


Dungeon Overview and Level Annotations

Branches:
Dungeon (8/15)             Temple (1/1) D:4
   Lair: D:8-11

Altars:
Ashenzari
Cheibriados
Dithmenos
Elyvilon
Hepliaklqana
Kikubaaqudgha
Makhleb
Nemelex Xobeh
Okawaru
Qazlal
Ru
Sif Muna
Trog
Uskayaw
Vehumet
Wu Jian
Xom
Yredelemnul
The Shining One

Shops:
D:4 =


Innate Abilities, Weirdness & Mutations

You have a beak for a mouth.
You have claws for feet.
Your magical nature lets you fly swiftly and evasively.


Message History

Casting: Foxfire (safe; 1% risk of failure)
Confirm with . or Enter, or press ? or * to list all spells.
You feel a surge of power!
You conjure some foxfire!
You feel stable enough to blink again.
The foxfire hits the gnoll!
The gnoll is severely wounded.
The foxfire hits the gnoll.
The gnoll is almost dead.
The gnoll hits you from afar with a +0 spear.
Casting: Foxfire (safe; 1% risk of failure)
Confirm with . or Enter, or press ? or * to list all spells.
Casting: Flame Wave (dangerous; 4% risk of failure)
Press: ? - help, Dir - look around, f - activate You feel a surge of power!
A wave of flame ripples out!
The flame wave engulfs your foxfire.
Your foxfire completely resists.
The flame wave engulfs your foxfire.
Your foxfire completely resists.
The flame wave engulfs the gnoll!!
You kill the gnoll!
Vehumet accepts your kill. (Press . to intensify the flame waves.)
The foxfire hits the gnoll sergeant.
The gnoll sergeant is almost dead.
The foxfire hits the gnoll.
You kill the gnoll!
Vehumet accepts your kill.
The gnoll sergeant hits you from afar with a +0 spear!
The orc warrior shoots an arrow.
The arrow hits you.
A wave of flame ripples out!
The flame wave engulfs the gnoll sergeant!!
You kill the gnoll sergeant!
Vehumet accepts your kill.
The flame wave engulfs the orc warrior!
The orc warrior is heavily wounded.
Something shouts, "Out, out, thou pottle-deep half-faced bladder!"
The orc warrior shoots an arrow.
The arrow closely misses you.
Without enough magic to sustain them, the waves of flame dissipate.
The orc warrior shoots an arrow.
The arrow hits you!!
You die...

.... . .... .. .....
...#######.......)#
...............ยง..
.................
...............g
.......@.)....)
........)......
#########+#)o..)#########
..........#.....#........
..........#....)#........
.......<..#.....#........
..........#.....#........
#....###..#.......######
#....###..########.....#


You could see an orc warrior.

Vanquished Creatures
  Grinder (D:5)
  Sigmund (D:3)
  A wyvern (D:7)
  Eustachio (D:5)
  2 water moccasins
  A black bear (D:6)
  A sky beast (D:7)
  2 ogres
  2 centaurs
  A gnoll sergeant (D:8)
  4 wights (D:7)
  3 orc priests
  4 hounds
  A gnoll bouda (D:6)
  3 iguanas
  3 orc wizards
  4 adders
  7 gnolls
  4 shadow imps (D:5)
  3 white imps
  4 ufetubi
  2 worms (D:3)
  A dart slug (D:3)
  27 orcs
  6 bats
  10 endoplasms
  2 giant cockroaches
  8 goblins
  4 hobgoblins
  2 jackals (D:1)
  3 quokkas
  4 ball pythons
  3 frilled lizards
  2 kobolds
  3 rats
130 creatures vanquished.

Vanquished Creatures (collateral kills)
  A foxfire (D:5)
1 creature vanquished.

Vanquished Creatures (others)
  A dart slug (D:4)
  598 foxfires
599 creatures vanquished.

Grand Total: 730 creatures vanquished

Notes
Turn   | Place    | Note
-------+----------+-------------------------------------------
     0 | D:1      | Essalna the Tengu Fire Elementalist began the quest for the
                  | Orb.
     0 | D:1      | Reached XP level 1. HP: 10/10 MP: 4/4
   170 | D:1      | Reached XP level 2. HP: 16/16 MP: 3/6
   211 | D:1      | Reached skill level 2 in Conjurations
   380 | D:1      | Reached skill level 1 in Fighting
   936 | D:2      | Reached XP level 3. HP: 20/20 MP: 5/7
  1715 | D:2      | Learned a level 2 spell: Scorch
  2058 | D:3      | Noticed Sigmund
  2068 | D:3      | Killed Sigmund
  2069 | D:3      | Reached skill level 4 in Conjurations
  2069 | D:3      | Reached XP level 4. HP: 11/28 MP: 4/8
  2069 | D:3      | Gained mutation: Your magical nature lets you fly swiftly
                  | and evasively. [Tengu growth]
  2069 | D:3      | Reached XP level 5. HP: 13/32 MP: 4/9
  2174 | D:3      | Reached XP level 6. HP: 18/37 MP: 6/10
  2351 | D:3      | Reached skill level 5 in Fire Magic
  2442 | D:3      | Learned a level 2 spell: Blink
  2593 | D:4      | Found Ysouro Eles's Jewellery Boutique.
  2978 | D:4      | Learned a level 4 spell: Flame Wave
  3043 | D:4      | Found a staircase to the Ecumenical Temple.
  3052 | Temple   | Entered the Ecumenical Temple
  3069 | Temple   | Became a worshipper of Vehumet
  3330 | D:4      | Reached skill level 5 in Conjurations
  3335 | D:4      | Reached skill level 1 in Translocations
  3357 | D:4      | Reached XP level 7. HP: 42/42 MP: 8/11
  3609 | D:5      | Entered Level 5 of the Dungeon
  3716 | D:5      | Noticed Grinder
  3722 | D:5      | Killed Grinder
  3938 | D:5      | Found a bloodstained altar of Trog.
  3939 | D:5      | Found a sparkling altar of Nemelex Xobeh.
  3949 | D:5      | Noticed Eustachio
  4126 | D:5      | Killed Eustachio
  4127 | D:5      | Reached skill level 6 in Conjurations
  4127 | D:5      | Reached XP level 8. HP: 42/48 MP: 5/12
  4450 | D:6      | Reached * piety under Vehumet
  4450 | D:6      | Offered knowledge of Kiss of Death by Vehumet.
  4533 | D:6      | Reached skill level 5 in Fighting
  4800 | D:6      | Found an ornate altar of the Wu Jian Council.
  4826 | D:6      | Reached skill level 7 in Conjurations
  5093 | D:7      | Noticed a wyvern
  5101 | D:7      | Killed a wyvern
  5111 | D:7      | Reached XP level 9. HP: 48/55 MP: 3/13
  5288 | D:7      | Reached skill level 8 in Conjurations
  6226 | D:8      | Found a hazy altar of Hepliaklqana.
  6294 | D:8      | Shot with an arrow by an orc warrior

Illustrated notes

Levels and vault maps discovered:
D:1:      ncdulo_watergridlock, layout_loops_corners,
          minmay_misc_feat_four_crosses, minmay_tree_intersection
D:2:      minmay_wonky_spiral, layout_basic, minmay_misc_feat_alley
D:3:      layout_basic, uniq_sigmund
D:4:      minmay_general_purpose_star, layout_basic, lemuel_temple_firewalk_b,
          serial_shops, shop
D:5:      layout_rooms, nicolae_overflow_squiral, serial_demonic,
          serial_demonic_g, serial_demonic_a, serial_demonic_b,
          serial_demonic_d, serial_demonic_b, uniq_eustachio, uniq_grinder
D:6:      layout_rooms, mainiacjoe_overflow_paths, nicolae_titane
D:7:      layout_layer_cave
D:8:      layout_gridville, pdpol_temple_overflow_zin_treasury_gozag_greed,
          nicolae_hepliaklqana_hazy_memory
Temple:   minmay_freezing_vapour_temple

Skill      XL: |  1  2  3  4  5  6  7  8  9 |
---------------+----------------------------+-----
Conjurations   | 2 4 5 6 7 8 |  8.5
Fighting       | 1 3 4 5 6 |  6.4
Fire Magic     | 4 5 6 7 |  7.8
Translocations | 1 2 3 4 |  4.0
Dodging        | |  2.1
Stealth        | |  2.0
Spellcasting   | |  2.0

Action                     |  1- 3 |  4- 6 |  7- 9 || total
---------------------------+-------+-------+-------++-------
  Melee: Staff             |     5 |     3 |     4 ||    12
         Peck              |     1 |     1 |     2 ||     4
         Kick              |     1 |     1 |     1 ||     3
   Cast: Foxfire           |    86 |   106 |   166 ||   358
         Scorch            |     4 |     5 |    29 ||    38
         Blink             |       |       |     7 ||     7
         Flame Wave        |       |       |     1 ||     1
    Use: Potion            |     1 |       |       ||     1
 Armour: Robe              |     1 |     3 |     8 ||    12
  Dodge: Dodged            |     7 |     5 |    56 ||    68

Table legend: (Time is in decaauts)
 A = Elapsed time spent in this place.
 B = Non-inter-level travel time spent in this place.
 C = Inter-level travel time spent in this place.
 D = Time resting spent in this place.
 E = Time spent auto-exploring this place.
 F = Levels seen in this place.
 G = Mean time per level.
                   A        B        C        D        E       F      G
               +--------+--------+--------+--------+--------+-----+--------+
         Total |   5990 |   5763 |    227 |    180 |   4778 |   9 |  665.6 |
       Dungeon |   5967 |   5746 |    221 |    180 |   4769 |   8 |  745.9 |
        Temple |     22 |     17 |      5 |      0 |      9 |   1 |   22.0 |
               +--------+--------+--------+--------+--------+-----+--------+

Top non-repeatable levels by time:
     D:7: 1049 daAuts
     D:4: 1042 daAuts
     D:2: 950 daAuts
     D:1: 846 daAuts
     D:3: 765 daAuts
     D:5: 672 daAuts
     D:6: 574 daAuts
     D:8: 66 daAuts
  Temple: 22 daAuts
